AoeStats
← WING123456

Fortress

509862955Analyzed
4v4 RM · 4d ago on Sep 28, 2026· 48m 1s· 8 players
Game mode
Random Map
Map size
Huge
Population
200
Speed
Normal
Resources
Standard
Victory
Conquest
Starting age
Dark Age
Ending age
Imperial Age
RankedLock teamsTeams togetherTeam positionsShared explorationLock speedFull tech treeHidden civsTurbo modeCheats
Victory
Defeat
🇫🇮 Teutons · Finland
1122
+16
🇩🇪 Khmer · Germany
1094
+18
🇳🇴 Varangians · Norway
1091
+18
🇨🇳 Mongols · China
1078
+18
🇮🇳 Turks · India
1166
-19
🇹🇼 Persians · Taiwan
1137
-42
🇹🇼 Danes · Taiwan
1133
-18
🇨🇳 Franks · China
1078
-15
Ghajini
6:48 Feudal Age
12:03 Castle Age
9:54 Horse Collar
10:49 Double-Bit Axe
17:12 Heavy Plow
17:40 Bow Saw
20:03 Imperial Age
18:28 Loom
19:57 Padded Archer Armor
21:38 Gold Mining
22:32 Loom
24:03 Leather Archer Armor
25:14 Wheelbarrow
29:21 Ring Archer Armor
29:03 Heavy Camel Rider
31:00 Bloodlines
31:21 Scale Barding Armor
31:27 Forging
35:04 Chain Barding Armor
38:00 Hand Cart
38:58 Plate Barding Armor
39:58 Fletching
40:49 Parthian Tactics
39:45 Heavy Cavalry Archer
41:46 Bodkin Arrow
gigan
7:19 Feudal Age
8:31 Double-Bit Axe
11:18 Castle Age
9:19 Horse Collar
13:00 Bow Saw
18:31 Wheelbarrow
18:52 Heavy Plow
19:57 Hand Cart
23:48 Loom
23:49 Town Watch
27:51 Imperial Age
25:50 Town Patrol
26:00 Fletching
26:10 Padded Archer Armor
26:41 Caravan
26:36 Gold Mining
26:36 Stone Mining
26:46 Bodkin Arrow
27:17 Thumb Ring
26:33 Elite Skirmisher
27:00 Gambesons
27:15 Squires
27:01 Arson
27:19 Scale Mail Armor
27:30 Forging
27:37 Leather Archer Armor
28:02 Coinage
28:00 Heavy Mounted Crossbowman
28:01 Cranequins
28:43 Bracer
28:51 Siege Engineers
29:03 Bloodlines
28:54 Husbandry
29:20 Conscription
30:13 Ballistics
31:00 Chemistry
30:40 Ring Archer Armor
30:59 Gold Shaft Mining
31:00 Stone Shaft Mining
35:56 Hamask
39:03 Elite Varangian Guard
40:31 Forging
40:36 Chain Mail Armor
44:59 Plate Mail Armor
45:05 Iron Casting
46:54 Blast Furnace
Erato
0:29 Loom
7:46 Feudal Age
8:08 Double-Bit Axe
8:10 Horse Collar
14:04 Castle Age
14:25 Forging
14:21 Scale Barding Armor
18:36 Bow Saw
20:32 Gold Mining
24:19 Imperial Age
23:08 Wheelbarrow
22:22 Town Watch
22:46 Heavy Plow
23:32 Light Cavalry
24:23 Bloodlines
24:58 Hand Cart
26:35 Caravan
26:47 Guilds
27:58 Cavalier
28:41 Husbandry
29:22 Iron Casting
29:08 Chain Barding Armor
28:50 Hussar
30:17 Crop Rotation
33:12 Two-Man Saw
32:30 Savar
34:27 Theocracy
36:21 Conscription
36:31 Kamandaran
39:08 Ballistics
39:49 Chemistry
40:33 Crossbowman
41:42 Fletching
41:52 Padded Archer Armor
42:26 Thumb Ring
43:06 Elite Skirmisher
47:04 Bodkin Arrow
WING123456
7:48 Feudal Age
9:26 Double-Bit Axe
12:10 Castle Age
10:40 Gold Mining
12:06 Scale Barding Armor
15:57 Forging
19:00 Bow Saw
19:56 Husbandry
21:34 Wheelbarrow
22:54 Iron Casting
23:36 Chain Barding Armor
26:05 Ordonnance Companies
26:48 Fletching
26:59 Padded Archer Armor
27:28 Hand Cart
27:51 Bodkin Arrow
29:05 Ballistics
29:55 Leather Archer Armor
32:37 Imperial Age
32:18 Gold Shaft Mining
34:29 Chemistry
34:30 Cranequins
34:41 Heavy Mounted Crossbowman
34:56 Cavalier
36:15 Plate Barding Armor
36:41 Blast Furnace
36:45 Conscription
37:23 Paladin
40:27 Caravan
41:39 Light Cavalry
44:13 Elite Skirmisher
Faceless
0:58 Loom
8:57 Feudal Age
11:22 Horse Collar
13:49 Castle Age
12:26 Wheelbarrow
11:52 Double-Bit Axe
22:22 Scale Mail Armor
22:34 Forging
22:18 Pikeman
24:55 Chain Mail Armor
24:51 Forging
25:30 Squires
32:06 Imperial Age
29:30 Fletching
29:39 Arson
30:48 Ironclad
32:12 Elite Skirmisher
32:50 Bodkin Arrow
33:26 Plate Mail Armor
33:21 Ballistics
33:06 Siege Engineers
33:14 Masonry
33:28 Crenellations
33:29 Conscription
34:16 Hoardings
34:09 Padded Archer Armor
35:25 Chemistry
35:16 Siege Engineers
36:08 Leather Archer Armor
35:27 Halberdier
41:39 Bow Saw
42:51 Ring Archer Armor
42:58 Iron Casting
44:45 Man-at-Arms
45:10 Gambesons
45:10 Elite Teutonic Knight
47:48 Blast Furnace
Armateur
7:02 Feudal Age
7:06 Loom
11:52 Castle Age
10:07 Double-Bit Axe
10:32 Horse Collar
13:52 Fortified Wall
13:52 Stone Mining
15:18 Gold Mining
19:02 Wheelbarrow
21:02 Bloodlines
21:28 Husbandry
22:12 Scale Barding Armor
23:45 Tusk Swords
24:44 Chain Barding Armor
25:46 Forging
27:40 Hand Cart
27:11 Town Watch
32:07 Imperial Age
31:37 Stone Shaft Mining
32:13 Iron Casting
34:42 Bow Saw
34:07 Capped Ram
34:34 Pikeman
35:03 Siege Ram
35:42 Halberdier
38:21 Scale Mail Armor
39:22 Blast Furnace
41:56 Elite Battle Elephant
47:27 Plate Barding Armor
47:07 Light Cavalry
noob9527
6:53 Feudal Age
7:48 Loom
12:25 Castle Age
11:14 Double-Bit Axe
11:10 Horse Collar
14:14 Bow Saw
16:17 Wheelbarrow
21:46 Heavy Plow
27:02 Imperial Age
25:19 Scale Barding Armor
25:25 Forging
25:39 Husbandry
25:49 Bloodlines
25:40 Gold Mining
27:09 Chain Barding Armor
27:25 Stone Mining
29:11 Hand Cart
28:52 Light Cavalry
29:56 Ballistics
30:56 Stone Shaft Mining
30:56 Gold Shaft Mining
30:49 Conscription
30:50 Drill
30:37 Elite Steppe Lancer
30:37 Hussar
32:33 Chemistry
31:44 Fortified Wall
31:37 Hussar
34:18 Masonry
36:26 Iron Casting
35:42 Fletching
35:53 Padded Archer Armor
35:48 Elite Mangudai
37:11 Hoardings
36:36 Bodkin Arrow
36:50 Siege Engineers
37:05 Thumb Ring
37:23 Leather Archer Armor
38:05 Bracer
39:10 Blast Furnace
37:53 Capped Ram
39:33 Heavy Camel Rider
40:06 Siege Ram
45:53 Caravan
47:56 Nomads
48:49 Coinage
WolfAtic
2:16 Loom
3:02 Loom
8:02 Feudal Age
8:31 Horse Collar
8:37 Double-Bit Axe
14:35 Castle Age
15:04 Castle Age
18:14 Bow Saw
18:06 Heavy Plow
20:16 Stone Mining
20:19 Gold Mining
21:40 Fervor
23:19 Forging
23:14 Scale Barding Armor
24:15 Bloodlines
24:05 Husbandry
26:55 Caravan
28:30 Wheelbarrow
27:40 Town Watch
31:44 Imperial Age
30:03 Wheelbarrow
30:31 Stone Shaft Mining
31:03 Iron Casting
30:49 Chain Barding Armor
31:45 Elite Jarl
32:47 Conscription
33:32 Chemistry
32:57 Ballistics
33:46 Siege Engineers
34:47 Blast Furnace
34:51 Plate Barding Armor
35:55 Hand Cart
35:25 Town Watch
43:01 Vendel Legacy
43:01 Gothikon
44:55 Scale Mail Armor
44:45 Fletching
Connection lost

Rejoining the realm…

Still unreachable

The connection could not be restored.

Session expired

The server has moved on; the page needs a fresh start.